 Dungeon Crawl Stone Soup version 0.24-a0-762-gca426f56c8 (webtiles) character file.

Game seed: 8084713852526101992, levelgen mode: deterministic

8873 Kairok the Covert (level 11, -4/55 HPs)
             Began as a Vine Stalker Assassin on Oct 3, 2019.
             Was a High Priest of Okawaru.
             Slain by Snorg (11 damage)
             ... on level 11 of the Dungeon.
             The game lasted 00:18:53 (8812 turns).

Kairok the Covert (Vine Stalker Assassin)           Turns: 8812, Time: 00:18:53

Health: -4/55      AC: 11    Str: 14    XL:     11   Next: 37%
Magic:  0/12       EV: 10    Int: 11    God:    Okawaru [*****.]
Gold:   973        SH: 17    Dex: 19    Spells: 7/10 levels left

rFire    + . .     SeeInvis .   i - +4 short sword
rCold    x . .     Gourm    .   r - +2 large shield
rNeg     . . .     Faith    .   y - +2 ring mail
rPois    .         Spirit   +   (no helmet)
rElec    .         Reflect  .   c - +1 cloak
rCorr    .         Harm     .   (no gloves)
MR       +....                  h - +0 pair of boots
Stlth    ++++......             (no amulet)
HPRegen  0.58/turn              k - ring of fire
MPRegen  0.13/turn              (no ring)

@: about to teleport
A: fangs 3, regeneration 1, magic shield, antimagic bite, no potion heal 3, rot
immunity
a: Heroism, Finesse, Renounce Religion


You were on level 11 of the Dungeon.
You worshipped Okawaru.
Okawaru was extremely pleased with you.
You were hungry.

You visited 2 branches of the dungeon, and saw 12 of its levels.
You also visited: Sewer and Ossuary.

You collected 973 gold pieces.

Inventory:

Hand Weapons
 a - a +3 dagger
 i - a +4 short sword (weapon)
Missiles
 d - 18 poisoned darts
 F - 5 atropa-tipped darts (quivered)
 I - 15 silver javelins
 M - 4 datura-tipped darts
Armour
 c - a +1 cloak (worn)
 h - a +0 pair of boots (worn)
 r - a +2 large shield (worn)
 y - a +2 ring mail (worn)
Jewellery
 k - a ring of fire (left hand)
 J - an uncursed ring of fire
Wands
 b - a wand of paralysis (9)
 m - a wand of acid (8)
 H - a wand of polymorph (12)
Scrolls
 l - 4 scrolls of remove curse
 q - 5 scrolls of teleportation
 s - 2 scrolls of amnesia {unknown}
 u - a scroll of enchant weapon
 w - 2 scrolls of fog
 B - 2 scrolls of blinking
 G - 2 scrolls of fear
 K - a scroll of immolation {unknown}
 N - 3 scrolls of identify
Potions
 g - a potion of ambrosia
 j - 4 potions of lignification
 n - 6 potions of curing
 o - a potion of haste
 p - a potion of berserk rage
 t - a potion of cancellation
 v - 7 potions of flight
 x - 6 potions of might
 z - a potion of brilliance
 A - 4 potions of agility
 C - a potion of magic
 D - a potion of invisibility
Miscellaneous
 L - a phial of floods
Comestibles
 f - 18 rations


   Skills:
 + Level 5.1 Fighting
 + Level 8.7 Short Blades
 + Level 3.6 Throwing
 + Level 5.2 Armour
 + Level 5.2 Dodging
 + Level 9.7 Stealth
 + Level 6.6 Shields
 + Level 0.5 Invocations
 + Level 0.2 Evocations


You had 7 spell levels left.
You knew the following spells:

 Your Spells              Type           Power        Failure   Level  Hunger
a - Regeneration          Chrm/Necr      #.........   100%        3    ####...

Your spell library contained the following spells:

 Spells                   Type           Power        Failure   Level  Hunger
 Confusing Touch          Hex            #.....       100%        1    ##.....
 Freeze                   Ice            #...         100%        1    ##.....
 Pain                     Necr           #...         100%        1    ##.....
 Sticks to Snakes         Tmut           #.......     100%        2    ###....
 Throw Frost              Conj/Ice       #.....       100%        2    ###....
 Confuse                  Hex            #.......     100%        3    ####...
 Gell's Gravitas          Tloc           #.........   100%        3    ####...
 Ozocubu's Armour         Chrm/Ice       #.......     100%        3    ####...
 Petrify                  Tmut/Erth      #.......     100%        4    #####..
 Summon Ice Beast         Ice/Summ       #.......     100%        4    #####..
 Throw Icicle             Conj/Ice       #.......     100%        4    #####..
 Blade Hands              Tmut           #.........   100%        5    ######.
 Borgnjor's Vile Clutch   Necr/Erth      #.........   100%        5    ######.
 Metabolic Englaciation   Hex/Ice        #.........   100%        5    ######.
 Yara's Violent Unravell  Hex/Tmut       #.........   100%        5    ######.


Dungeon Overview and Level Annotations

Branches:
Dungeon (11/15)            Temple (1/1) D:5           Sewer (visited)
Ossuary (visited)
   Lair: D:8-11         Orc: D:9-12

Altars:
Ashenzari
Cheibriados
Gozag
Hepliaklqana
Makhleb
Nemelex Xobeh
Okawaru
Qazlal
Ru
Sif Muna
Trog
Uskayaw
Vehumet
Wu Jian
Xom
Zin
The Shining One

Shops:
D:5 :

Annotations:
D:11 Snorg


Innate Abilities, Weirdness & Mutations

You have razor-sharp teeth.
Your natural rate of healing is unusually fast.
When hurt, damage is shared between your health and your magic reserves.
Your bite disrupts and absorbs the magic of your enemies.
Potions cannot restore your health.
You are immune to rotting.


Message History

You block Snorg's attack. x3; Snorg misses you.
Snorg claws you but does no damage. Snorg claws you.
Throwing (i - inventory. (/) - cycle)
F - 6 atropa-tipped darts (quivered)
Press: ? - help, Shift-Dir - straight line, f/p - Snorg
Aim: Snorg (lightly wounded, berserk, fast, unusually strong, poisoned, chance to blind on hit: 51%)
You throw an atropa-tipped dart.
The atropa-tipped dart closely misses Snorg.
You block Snorg's attack. Snorg claws you but does no damage. Snorg claws you!
* * * LOW HITPOINT WARNING * * *
You block Snorg's attack. Snorg claws you.
* * * LOW HITPOINT WARNING * * *
Snorg barely misses you.
As you read the scroll of teleportation, it crumbles to dust.
You feel strangely unstable. Snorg bites you.
* * * LOW HITPOINT WARNING * * *
You block Snorg's attack. Snorg claws you.
* * * LOW HITPOINT WARNING * * *
You block Snorg's attack. x3
Snorg bites you!
You die...

........## ##...####...#
.........## ##........#
..........## ##......#
....###...†## ##.....#
....# ##..).## #.....#
....## ###.).## ##.....#
#....##
##...###<.....#####
##....##
#................###
##...O##
##....@T............
##...c##
##....###.......##
##...(####.....#(.(......#
##...(.....#..#..#...#.$#
##....(...#######...# #
##.......#..#..#...#..
#...........#......(..
#...........###.......#
.........###.((((.###..(.


You could see Snorg (berserk).

Vanquished Creatures
  Erica (D:8)
  A two-headed ogre (D:9)
  A gargoyle (D:10)
  A centaur skeleton (D:10)
  A troll (D:10)
  A hornet (D:11)
  A meliai zombie (D:11)
  A hippogriff (D:9)
  14 yaks
  A wyvern (D:10)
  A hungry ghost (D:10)
  Duvessa (D:6)
  4 orc warriors
  A phantom (D:9)
  An ice beast (D:8)
  A necrophage (D:5)
  6 ogres
  3 centaurs
  3 big kobolds
  5 bullfrogs
  Dowan (D:6)
  2 scorpions
  4 howler monkeys
  4 crimson imps
  2 gnoll shamans (D:5)
  A bullfrog skeleton (D:3)
  A centaur zombie (D:7)
  6 orc priests
  5 hounds
  11 orc wizards
  5 iguanas
  A statue (D:6)
  4 worker ants
  2 hound zombies
  8 mummies (Ossuary)
  A worker ant zombie (D:8)
  15 gnolls
  13 adders
  An adder zombie (D:9)
  An adder skeleton (D:6)
  3 worms (D:3)
  2 dart slugs
  8 leopard geckos
  37 orcs
  8 ball pythons
  8 giant cockroaches
  A gnoll zombie (Ossuary)
  12 goblins
  7 hobgoblins
  21 kobolds
  5 quokkas
  A ball python skeleton (D:6)
  9 bats
  9 frilled lizards
  2 giant cockroach zombies
  5 hobgoblin zombies (Ossuary)
  2 orc zombies (Ossuary)
  13 rats
290 creatures vanquished.

Notes
Turn   | Place    | Note
-------+----------+-------------------------------------------
     0 | D:1      | Kairok the Vine Stalker Assassin began the quest for the
                  | Orb.
     0 | D:1      | Reached XP level 1. HP: 11/11 MP: 2/2
    29 | D:1      | Reached skill level 5 in Stealth
   116 | D:1      | Reached XP level 2. HP: 15/15 MP: 3/3
   675 | D:2      | Reached skill level 6 in Stealth
   675 | D:2      | Reached XP level 3. HP: 18/18 MP: 4/4
   775 | D:2      | Reached skill level 1 in Dodging
  1147 | D:2      | Gained mutation: Your natural rate of healing is unusually
                  | fast. [Vine Stalker growth]
  1147 | D:2      | Reached XP level 4. HP: 23/23 MP: 5/5
  1591 | D:3      | Reached XP level 5. HP: 21/26 MP: 4/6
  1646 | D:3      | Found a glowing drain.
  1717 | Sewer    | Entered a sewer
  1971 | Sewer    | Noticed a big kobold
  1976 | Sewer    | Reached skill level 7 in Stealth
  1987 | Sewer    | Killed a big kobold
  1987 | Sewer    | Reached XP level 6. HP: 20/32 MP: 2/7
  2196 | D:3      | Found a sparkling altar of Nemelex Xobeh.
  2574 | D:4      | Found a sand-covered staircase.
  2612 | Ossuary  | Entered an ossuary
  2771 | Ossuary  | Reached XP level 7. HP: 19/35 MP: 2/8
  3110 | D:5      | Entered Level 5 of the Dungeon
  3353 | D:5      | Reached skill level 1 in Armour
  3359 | D:5      | Found Momam's Book Boutique.
  3490 | D:5      | Found a staircase to the Ecumenical Temple.
  3499 | Temple   | Entered the Ecumenical Temple
  3507 | Temple   | Became a worshipper of Warmaster Okawaru
  3711 | D:5      | Found a shimmering blue altar of Sif Muna.
  4013 | D:5      | Reached skill level 1 in Shields
  4209 | D:6      | Noticed Duvessa
  4209 | D:6      | Noticed Dowan
  4310 | D:6      | Killed Duvessa
  4310 | D:6      | Gained mutation: You have razor-sharp teeth. [Vine Stalker
                  | growth]
  4310 | D:6      | Reached XP level 8. HP: 36/40 MP: 9/9
  4320 | D:6      | Killed Dowan
  4320 | D:6      | Reached skill level 5 in Short Blades
  4376 | D:6      | Reached * piety under Okawaru
  4404 | D:6      | Found an opulent altar of Gozag.
  4724 | D:6      | Found a shattered altar of Ashenzari.
  4774 | D:6      | Found a radiant altar of Vehumet.
  4848 | D:6      | Reached skill level 8 in Stealth
  5634 | D:8      | Noticed a yak
  5634 | D:8      | Noticed a yak
  5634 | D:8      | Noticed a yak
  5634 | D:8      | Noticed a yak
  5635 | D:8      | Noticed a yak
  5636 | D:8      | Noticed a yak
  5654 | D:8      | Killed a yak
  5654 | D:8      | Reached XP level 9. HP: 45/45 MP: 10/10
  5661 | D:8      | Reached ** piety under Okawaru
  5690 | D:8      | Reached skill level 9 in Stealth
  5910 | D:8      | Noticed Erica
  5957 | D:8      | Killed Erica
  5957 | D:8      | Reached *** piety under Okawaru
  5957 | D:8      | Received a gift from Okawaru
  6081 | D:8      | Reached XP level 10. HP: 50/51 MP: 11/11
  6220 | D:8      | Found a burning altar of Makhleb.
  6220 | D:8      | Found a snail-covered altar of Cheibriados.
  6221 | D:8      | Found a shimmering altar of Xom.
  6579 | D:9      | Noticed a two-headed ogre
  6785 | D:9      | Identified the Volume of Lethal Moulding
  6816 | D:9      | Learned a level 3 spell: Regeneration
  6914 | D:9      | Killed a two-headed ogre
  6914 | D:9      | Reached **** piety under Okawaru
  6914 | D:9      | Reached skill level 5 in Shields
  7152 | D:9      | Found a stormy altar of Qazlal.
  7451 | D:10     | Entered Level 10 of the Dungeon
  7606 | D:10     | Reached ***** piety under Okawaru
  7615 | D:10     | Reached XP level 11. HP: 38/54 MP: 12/12
  7644 | D:10     | Reached skill level 5 in Armour
  7759 | D:10     | Reached skill level 5 in Fighting
  7759 | D:10     | Reached skill level 5 in Dodging
  8358 | D:11     | Noticed a cyclops
  8467 | D:11     | Noticed Snorg
  8812 | D:11     | Slain by Snorg

Levels and vault maps discovered:
D:1:      scummos_arrival_forest, layout_loops_ring, minmay_strange_pillars,
          hangedman_decor_lopped
D:2:      layout_basic, minivault_27, chequers_serial_rivers_room_b,
          nrook_mini_vaults, minmay_puff
D:3:      layout_rooms, cheibrodos_sewer_entry_drain, nemelex_spade_bored_becter
D:4:      layout_rooms, enter_ossuary_1
D:5:      layout_cave_pods, lemuel_blue_sif_altar, lemuel_temple_firewalk_b,
          serial_shops, shop, first_ration
D:6:      layout_loops_ring, grunt_gozag_statues, overflow_temple_1_default,
          vehumet_statue, minmay_misc_feat_nine_boxes, uniq_duvessa
D:7:      layout_loops_ring, corexii_leaking_fountain, grunt_ogre_cave
D:8:      layout_basic, gammafunk_temple_overflow_claw, uniq_erica
D:9:      layout_rooms, nicolae_qazlal_eye_of_the_storm
D:10:     layout_loops_ring
D:11:     hangedman_cross_cluster, layout_layer_cave, david_orc_4, uniq_snorg
Temple:   eino_narrow_crystal_temple

Skill      XL: |  1  2  3  4  5  6  7  8  9 10 11 |
---------------+----------------------------------+-----
Stealth        | 5 6 7 8 9 |  9.7
Dodging        | 1 2 3 4 5 |  5.2
Fighting       | 2 3 4 5 |  5.1
Short Blades   | 2 3 4 5 7 8 |  8.7
Throwing       | 2 3 |  3.6
Armour         | 1 2 4 5 |  5.2
Shields        | 1 3 4 5 6 |  6.6
Invocations    | |  0.5
Evocations     | |  0.2

Action                   |  1- 3 |  4- 6 |  7- 9 | 10-12 || total
-------------------------+-------+-------+-------+-------++-------
Melee: Dagger            |     4 |       |       |       ||     4
       Short sword       |    76 |   227 |   343 |   499 ||  1145
       Bite              |    10 |    55 |   126 |   182 ||   373
Throw: Dart              |       |    13 |     9 |    25 ||    47
Invok: Heroism           |       |       |     3 |     1 ||     4
Evoke: Wand              |       |       |     1 |     2 ||     3
  Use: Scroll            |     2 |     6 |     8 |     6 ||    22
       Potion            |     2 |     2 |     4 |       ||     8
 Stab: Sleeping          |    17 |    11 |     8 |     6 ||    42
       Distracted        |       |       |       |     2 ||     2
  Eat: Chunk             |       |     5 |     5 |    10 ||    20
       Ration            |       |       |     2 |       ||     2
Armor: Robe              |    17 |    40 |       |       ||    57
       Skin              |       |    29 |     4 |       ||    33
       Ring mail         |       |     5 |   101 |   116 ||   222
Dodge: Dodged            |    43 |   124 |    66 |    99 ||   332
Block: Large shield      |       |       |   220 |   340 ||   560

Table legend:
 A = Non-vault XP
 B = Vault XP
 C = Vault XP percentage of total XP
 D = Non-vault monster count
 E = Vault monster count
 F = Vault count percentage of total count
                 A         B        C        D         E       F
            +---------+---------+-------+---------+---------+-------
      Total |   10315 |    2362 |  18.6 |     227 |      63 |  21.7
            +---------+---------+-------+---------+---------+-------
        D:1 |      31 |       0 |   0.0 |      17 |       0 |   0.0
        D:2 |      59 |       4 |   6.3 |      31 |       2 |   6.1
        D:3 |     126 |       6 |   4.5 |      27 |       2 |   6.9
        D:4 |      36 |       0 |   0.0 |       4 |       0 |   0.0
        D:5 |     485 |       0 |   0.0 |      22 |       0 |   0.0
        D:6 |     430 |     256 |  37.3 |      21 |       3 |  12.5
        D:7 |     293 |     112 |  27.7 |       7 |       1 |  12.5
        D:8 |    2359 |     944 |  28.6 |      32 |       1 |   3.0
        D:9 |    2459 |       0 |   0.0 |      32 |       0 |   0.0
       D:10 |    3293 |     316 |   8.8 |      29 |       3 |   9.4
       D:11 |     744 |     323 |  30.3 |       5 |      11 |  68.8
      Sewer |       0 |     252 | 100.0 |       0 |      24 | 100.0
    Ossuary |       0 |     149 | 100.0 |       0 |      16 | 100.0
            +---------+---------+-------+---------+---------+-------
